 Dungeon Crawl Stone Soup version 0.31-a0-1321-g5021b54cb2 (webtiles) character file.

Game seed: 15390406162679511002

65 Sonofthefire the Changeling (level 4, 0/30 HPs)
             Began as an Octopode Shapeshifter on Dec 20, 2023.
             Succumbed to a scorpion's poison
             ... on level 4 of the Dungeon.
             The game lasted 00:03:05 (2388 turns).

Sonofthefire the Changeling (Octopode Shapeshifter) Turns: 2388, Time: 00:03:06

Health: 0/30       AC:  1    Str: 15    XL:     4   Next: 13%
Magic:  4/4        EV: 13    Int: 12    God:
Gold:   121        SH:  0    Dex: 11    Spells: 3/3 levels left

rFire   . .          .
                       - Unarmed
rCold   . . .        (no shield)
rNeg    . . .        (helmet currently unavailable)
rPois   .            (no amulet)
rElec   .            (no ring)
rCorr   .            (no ring)
SInv    .            (no ring)
Will    .....        (no ring)
Stlth   ++           (no ring)
HPRegen 0.25/turn    (no ring)
MPRegen 0.09/turn    (no ring)
                     (no ring)

%: no passive effects
@: lethally poisoned (0 -> -12), beast-form
A: beast (slay +2), almost no armour, amphibious, 8 rings, camouflage 1,
gelatinous body 1, (nimble swimmer 1), tentacles
a: Begin Untransformation


You were on level 4 of the Dungeon.
You were a hulking beast.
You visited 1 branch of the dungeon, and saw 4 of its levels.

You collected 121 gold pieces.

Inventory:

Missiles
 f - 3 poisoned darts
Armour
 i - a +1 hat
Jewellery
 j - a ring of magical power
Talismans
 b - a beast talisman
 c - a flux talisman
Wands
 n - a wand of iceblast (3)
Scrolls
 d - 2 scrolls of fog {unknown}
 e - a scroll of revelation {unknown}
 g - 2 scrolls of torment {unknown}
 h - 3 scrolls of identify {unknown}
 l - a scroll of fear {unknown}
 q - a scroll of blinking {unknown}
 r - 3 scrolls of amnesia {unknown}
 s - a scroll of noise {unknown}
Potions
 a - 3 potions of lignification
 k - a potion of attraction {unknown}
 m - a potion of haste {unknown}
 o - 2 potions of heal wounds {unknown}
 p - a potion of curing {unknown}


   Skills:
 + Level 2.7 Fighting
 - Level 2.0 Dodging
 - Level 3.0 Unarmed Combat
 + Level 3.9 Shapeshifting


You had 3 spell levels left.
You didn't know any spells.
Your spell library was empty.

Dungeon Overview and Level Annotations

Branches:
Dungeon (4/15)
 Temple: D:4-7

Altars:
Xom

Shops:
D:1 !


Innate Abilities, Weirdness & Mutations

You are a hulking beast.
Your limbs bulge with bestial killing power. (Slay +2)
You cannot wear most types of armour.
You are amphibious.
You can wear up to eight rings at the same time.
Your skin changes colour to match your surroundings (Stealth+).
Your rubbery body absorbs attacks. (AC +1, EV +1)
((You are camouflaged when in or above water. (Stealth+)))
You have tentacles for arms and can constrict up to eight enemies at once.


Message History

You squeeze the scorpion.
The scorpion is moderately wounded.
The scorpion stings you!
You are too injured to fight recklessly!
You are too injured to fight recklessly!
You are too injured to fight recklessly!
You are too injured to fight recklessly!
You are too injured to fight recklessly!
You are too injured to fight recklessly!
You are too injured to fight recklessly!
You tentacle-slap the scorpion but do no damage.
You grab the scorpion.
The scorpion is moderately wounded.
You constrict the scorpion, but do no damage.
The scorpion stings you.
You are poisoned.
The scorpion poisons you! The scorpion stings you.
You are lethally poisoned!
The scorpion poisons you!
You barely miss the scorpion. Your squeeze misses the scorpion.
The scorpion is moderately wounded.
You constrict the scorpion, but do no damage.
You feel very sick. The scorpion barely misses you.
You tentacle-slap the scorpion but do no damage.
You squeeze the scorpion!
The scorpion is heavily wounded.
You constrict the scorpion.
* * * LOW HITPOINT WARNING * * *
You feel very sick. The scorpion closely misses you.
You tentacle-slap the scorpion. x2
The scorpion is almost dead.
You constrict the scorpion, but do no damage.
* * * LOW HITPOINT WARNING * * *
You feel very sick. The scorpion stings you.
* * * LOW HITPOINT WARNING * * *
You release your grip on the scorpion.
You die...

#........#
####).......#
.......^.$..#
.......<....#####
.................
.........!..####
..........$..###
...............#
........hs..##...
............# #.
.............#
............#
##.#.........#
#.#...........
.........!..
##........##.


You could see a scorpion.

Vanquished Creatures
  An adder (D:2)
  2 ufetubi (D:3)
  A dart slug (D:1)
  5 ball pythons
  8 bats
  3 endoplasms
  5 giant cockroaches
  4 goblins
  2 hobgoblins
  A quokka (D:2)
  5 frilled lizards
  3 kobolds
  5 rats (D:1)
45 creatures vanquished.

Notes
Turn   | Place    | Note
-------+----------+-------------------------------------------
     0 | D:1      | Sonofthefire the Octopode Shapeshifter began the quest for
                  | the Orb.
     0 | D:1      | Reached XP level 1. HP: 13/13 MP: 1/1
    29 | D:1      | Found Coixteac's Distillery.
   123 | D:1      | Reached XP level 2. HP: 8/18 MP: 2/2
   713 | D:2      | Reached XP level 3. HP: 24/24 MP: 3/3
   979 | D:2      | Found a shimmering altar of Xom.
  1322 | D:2      | Identified the +1 buckler "Vegefaoj" {+Inv rN++ Int+2
                  | Dex-3}
  1621 | D:3      | Reached XP level 4. HP: 9/30 MP: 4/4
  2378 | D:4      | Noticed a scorpion
  2388 | D:4      | Succumbed to a scorpion's poison

Illustrated notes

Levels and vault maps discovered:
D:1:      minmay_arrival_split_and_join, layout_rooms, serial_shops, shop
D:2:      layout_loops_ring, basic_altar, roderic_lattice_a, hex_tiny,
          chequers_serial_rivers_room_b, st_stairs_3
D:3:      layout_basic, serial_bayou, serial_bayou_ford_a, serial_bayou_lake_a,
          serial_bayou_shore_b, serial_bayou_lagoon_b, nrook_uturn
D:4:      layout_rooms, serial_library_hellmonk_h_bend

Skill      XL: |  1  2 |
---------------+-------+-----
Fighting       | 2 |  2.7
Dodging        | |  2.0
Unarmed Combat | |  3.0
Shapeshifting  | |  3.9

Action                     |  1- 3 |  4- 6 || total
---------------------------+-------+-------++-------
  Melee: Unarmed           |    67 |    11 ||    78
         Constrict         |    16 |     2 ||    18
         Tentacles         |    15 |     4 ||    19
         Punch             |     4 |     1 ||     5
   Stab: Sleeping          |     2 |     4 ||     6
         Distracted        |     1 |       ||     1
 Armour: Skin              |    31 |     4 ||    35
  Dodge: Dodged            |    41 |     7 ||    48

Table legend: (Time is in decaauts)
 A = Elapsed time spent in this place.
 B = Non-inter-level travel time spent in this place.
 C = Inter-level travel time spent in this place.
 D = Time resting spent in this place.
 E = Time spent auto-exploring this place.
 F = Levels seen in this place.
 G = Mean time per level.
                   A        B        C        D        E       F      G
               +--------+--------+--------+--------+--------+-----+--------+
         Total |   2383 |   2288 |     95 |    234 |   1738 |   4 |  595.8 |
       Dungeon |   2383 |   2288 |     95 |    234 |   1738 |   4 |  595.8 |
               +--------+--------+--------+--------+--------+-----+--------+

Top non-repeatable levels by time:
     D:3: 925 daAuts
     D:2: 821 daAuts
     D:1: 627 daAuts
     D:4: 9 daAuts
